 Dungeon Crawl Stone Soup version 0.27-a0-414-gbb19ded6d3 (webtiles) character file.

Game seed: 1672731657943859766

20 tilp the Sneak (level 2, 0/18 HPs)
             Began as an Octopode Transmuter on Feb 24, 2021.
             Succumbed to an adder's poison
             ... on level 1 of the Dungeon.
             The game lasted 00:01:01 (975 turns).

tilp the Sneak (Octopode Transmuter)                 Turns: 975, Time: 00:01:02

Health: 0/18       AC:  1    Str:  9    XL:     2   Next: 79%
Magic:  5/5        EV: 13    Int: 15    God:
Gold:   42         SH:  0    Dex: 12    Spells: 2/5 levels left

rFire    . . .     SeeInvis .     - Unarmed
rCold    . . .     Faith    .   (no shield)
rNeg     . . .     Spirit   .   (helmet restricted)
rPois    .         Reflect  .   (no amulet)
rElec    .         Harm     .   (no ring)
rCorr    .         Rampage  .   (no ring)
Will     .....                  (no ring)
Stlth    +++.......             (no ring)
HPRegen  0.06/turn              (no ring)
MPRegen  0.09/turn              (no ring)
                                (no ring)
                                (no ring)

@: lethally poisoned (0 -> -3)
A: almost no armour, stealthy swim, amphibious, 8 rings, constrict 8, camouflage
1, gelatinous body 1
a: no special abilities


You were on level 1 of the Dungeon.
You visited 1 branch of the dungeon, and saw 2 of its levels.

You collected 42 gold pieces.

Inventory:

Missiles
 g - 52 stones (quivered)
Jewellery
 e - a +6 ring of strength
Scrolls
 a - 5 scrolls of identify
 b - a scroll of teleportation {unknown}
 c - a scroll of amnesia
 d - a scroll of enchant weapon {unknown}
 h - a scroll of fog {unknown}
 i - a scroll of enchant armour {unknown}
 j - a scroll of immolation {unknown}
Potions
 f - a potion of flight


   Skills:
 - Level 1.0 Fighting
 - Level 2.0 Dodging
 + Level 3.5 Stealth
 - Level 3.0 Unarmed Combat
 - Level 2.0 Spellcasting
 - Level 2.0 Transmutations


You had 2 spell levels left.
You knew the following spells:

 Your Spells              Type           Power        Failure   Level
a - Beastly Appendage     Tmut           14%          10%         1
b - Wereblood             Tmut           7%           14%         2

Your spell library contained the following spells:

 Spells                   Type           Power        Failure   Level
 Spider Form              Tmut/Pois      2%           41%         3
 Ice Form                 Ice/Tmut       4%           82%         4
 Blade Hands              Tmut           3%           95%         5


Dungeon Overview and Level Annotations

Branches:
Dungeon (2/15)

Altars:


Innate Abilities, Weirdness & Mutations

You cannot wear most types of armour.
You are very stealthy in the water. (Stealth+)
You are amphibious.
You can wear up to eight rings at the same time.
You can use your tentacles to constrict eight enemies at once.
Your skin changes colour to match your surroundings (Stealth+).
Your rubbery body absorbs attacks. (AC +1, EV +1)


Message History

Unknown command.
You tentacle-slap the adder. Your grab misses the adder.
Your tentacle spike misses the adder.
The adder is moderately wounded.
Your transformation is almost over.
You feel sick. The adder bites you.
* * * LOW HITPOINT WARNING * * *
You are lethally poisoned!
The adder poisons you!
You tentacle-slap the adder. You grab the adder.
The adder is severely wounded.
You constrict the adder.
* * * LOW HITPOINT WARNING * * *
You feel sick. The adder closely misses you.
You barely miss the adder.
You pierce the adder.
You kill the adder!
Your Stealth skill increases to level 3!
Okay, then.
* * * LOW HITPOINT WARNING * * *
You feel sick.
* * * LOW HITPOINT WARNING * * *
You feel sick.
Unknown command.
Unknown command.
* * * LOW HITPOINT WARNING * * *
You feel sick.
* * * LOW HITPOINT WARNING * * *
You feel sick.
Your tentacle spike disappears.
* * * LOW HITPOINT WARNING * * *
You feel sick.
There is a stone staircase leading up here.
You climb upwards.
* * * LOW HITPOINT WARNING * * *
You feel sick.
There is a stone staircase leading down here.
There is a lethal amount of poison in your body!
There is a lethal amount of poison in your body!
Unknown command.
You die...

.##########.....#
................#
#.#########.....#
#..............##
#..#########..## ...# #..#
#..#########..#
...........)..#########
#..########.....@.....## ....#
#........####...####
....####..#...............#
......##..#............##.#
.#..#.##..#.........#.###.#
.#..#.##..#.........#.# #.#
.#..#...............#.###.#######
....#.....###.......#............
...##.##.## #.......####....#####


There were no monsters in sight!

Vanquished Creatures
  An adder (D:2)
  A giant cockroach (D:1)
  2 goblins
  4 hobgoblins
  A bat (D:1)
  A kobold (D:1)
  A rat (D:1)
11 creatures vanquished.

Notes
Turn   | Place    | Note
-------+----------+-------------------------------------------
     0 | D:1      | tilp the Octopode Transmuter began the quest for the Orb.
     0 | D:1      | Reached XP level 1. HP: 13/13 MP: 3/3
    80 | D:1      | Reached skill level 1 in Stealth
   384 | D:1      | Reached XP level 2. HP: 18/18 MP: 5/5
   387 | D:1      | Learned a level 2 spell: Wereblood
   975 | D:1      | Succumbed to an adder's poison

Illustrated notes

Levels and vault maps discovered:
D:1:      dpeg_arrival_long_road, layout_loops_ring
D:2:      layout_basic

Skill      XL: |  1  2 |
---------------+-------+-----
Stealth        | 2 3 |  3.5
Fighting       | |  1.0
Dodging        | |  2.0
Unarmed Combat | |  3.0
Spellcasting   | |  2.0
Transmutations | |  2.0

Action                   || total
-------------------------++-------
Melee: Unarmed           ||    32
       Constrict         ||     7
       Tentacles         ||     2
       Kick              ||     1
 Cast: Beastly Appendage ||     1
  Use: Scroll            ||     2
 Stab: Sleeping          ||     3
Dodge: Dodged            ||    17

Table legend: (Time is in decaauts)
 A = Elapsed time spent in this place.
 B = Non-inter-level travel time spent in this place.
 C = Inter-level travel time spent in this place.
 D = Time resting spent in this place.
 E = Time spent auto-exploring this place.
 F = Levels seen in this place.
 G = Mean time per level.
                   A        B        C        D        E       F      G
               +--------+--------+--------+--------+--------+-----+--------+
         Total |    973 |    947 |     26 |      0 |    845 |   2 |  486.5 |
       Dungeon |    973 |    947 |     26 |      0 |    845 |   2 |  486.5 |
               +--------+--------+--------+--------+--------+-----+--------+

Top non-repeatable levels by time:
     D:1: 700 daAuts
     D:2: 273 daAuts
